cohdb
Replays
Latest Replays
All Replays
Popular Replays
Top Player Replays
Match Explorer
How It Works
Community
CoH3 Stats
Reddit
Sign in to upload your games and track your stats! →
Sign in with Steam
Match 42397633
Unlisted
Match 42397633
Overview
Messages
Build Orders
End
Construct Infanterie Kompanie
Kettenkrad Recon Vehicle
MG 42 Machine Gun Team
MG 42 Machine Gun Team
Selects Italian Coastal Battlegroup
Selects Coastal Reserves
GrW 34 Mortar Team
MG 42 Machine Gun Team
Construct Panzergrenadier Kompanie
Grenadier Squad
Selects Artillery Officer
Support Elements
Nebelwerfer 42 Rocket Launcher Team
MG 42 Bunker
Pak 40 Anti-tank Gun Team
Medical Bunker
Selects Support Bunkers
MG 42 Bunker
Selects Rapid Fortifications
Artillery Officer
Coastal Reserve
StuG III G Assault Gun
StuG III G Assault Gun
MG 42 Bunker
Selects Obice da 210/22 Artillery Emplacement
Medical Bunker
FreeArtist
BigShoota
Toni T - The Damager
ileikpuss
j2xtee
gUi
Sil1k
周杰伦
0
0
Comments
sign in to comment!
No comments posted yet!